 Dungeon Crawl Stone Soup version 0.28-a0-1629-gf728b707aa (webtiles) character file.

Game seed: 1014842988501603726

87 porpoise the Insei (level 4, -2/35 HPs)
             Began as a Demonspawn Transmuter on Jan 25, 2022.
             Killed from afar by an orc wizard (7 damage)
             ... with a puff of flame
             ... on level 3 of the Dungeon.
             The game lasted 00:06:12 (2922 turns).

porpoise the Insei (Demonspawn Transmuter)          Turns: 2922, Time: 00:06:12

Health: -2/35      AC:  7    Str: 12    XL:     4   Next: 28%
Magic:  7/7        EV: 10    Int: 17    God:
Gold:   96         SH:  0    Dex: 14    Spells: 4/7 levels left

rFire   . . .      SeeInvis .     - Unarmed
rCold   . . .      Faith    .   (no shield)
rNeg    . . .      Spirit   .   l - +0 ring mail
rPois   .          Reflect  .   n - +1 helmet {Int+3}
rElec   .          Harm     .   (no cloak)
rCorr   .          Rampage  .   (no gloves)
Will    .....                   (no boots)
Stlth   +.........              (no amulet)
HPRegen 0.11/turn               (no ring)
MPRegen 0.20/turn               (no ring)

@: no status effects
A: hooves 1, magic regeneration
a: no special abilities


You were on level 3 of the Dungeon.
You visited 1 branch of the dungeon, and saw 3 of its levels.

You collected 96 gold pieces.

Inventory:

Missiles
 b - 20 bolts
 f - 22 stones
 g - 22 arrows
Armour
 a - a +0 robe
 l - a +0 ring mail (worn)
 n - a +1 helmet of intelligence (worn)
Scrolls
 c - 3 scrolls of identify
 e - 2 scrolls of immolation
 h - a scroll of acquirement {unknown}
 i - a scroll of noise {unknown}
 j - a scroll of summoning {unknown}
 m - a scroll of amnesia {unknown}
Potions
 d - 2 potions of flight
 k - a potion of berserk rage


   Skills:
 + Level 3.0 Fighting
 - Level 1.7 Dodging
 + Level 3.8 Unarmed Combat
 - Level 2.0 Spellcasting
 - Level 1.7 Transmutations


You had 4 spell levels left.
You knew the following spells:

 Your Spells              Type           Power      Damage    Failure   Level
a - Beastly Appendage     Tmut           14%        N/A       22%         1
w - Wereblood             Tmut           7%         N/A       32%         2

Your spell library contained the following spells:

 Spells                   Type           Power      Damage    Failure   Level
 Ensorcelled Hibernation  Hex/Ice        2%         N/A       54%         2
 Spider Form              Tmut/Pois      4%         N/A       67%         3
 Ice Form                 Ice/Tmut       4%         N/A       97%         4
 Anguish                  Hex/Necr       0%         N/A       99%         4


Dungeon Overview and Level Annotations

Branches:
Dungeon (3/15)

Altars:


Innate Abilities, Weirdness & Mutations

You have large cloven feet.
You regenerate magic rapidly.


Message History

You see here a book of Spatial Translocations.
The orc wizard gestures at you while chanting.
You resist with some effort.
The orc wizard points at you and mumbles some strange words.
The magic dart hits you but does no damage.
The orc hits you but does no damage.
The orc wizard hits you but does no damage.
The orc hits you with a +0 trident.
You closely miss the orc.
The orc wizard hits you with a +0 dagger.
The orc hits you with a +0 falchion. The orc closely misses you.
The orc hits you from afar with a +0 trident.
You barely miss the orc wizard. The orc wizard closely misses you.
You completely miss the orc wizard. Your kick misses the orc wizard.
The orc hits you from afar with a +0 trident.
The orc wizard hits you with a +0 dagger.
You hit the orc wizard but do no damage.
The orc closely misses you.
The orc wizard hits you but does no damage.
You hit the orc wizard.
The orc wizard is moderately wounded.
The orc barely misses you.
The orc wizard points at you and mumbles some strange words.
The puff of flame hits you.
You hit the orc wizard. Your kick misses the orc wizard.
The orc wizard is severely wounded.
The orc hits you from afar with a +0 trident.
* * * LOW HITPOINT WARNING * * *
The orc wizard hits you with a +0 dagger.
* * * LOW HITPOINT WARNING * * *
Unknown command.
Unknown command.
Found a trident.
The orc wizard gestures at you while chanting.
The magic dart hits you.
* * * LOW HITPOINT WARNING * * *
There is a stone staircase leading up here.
The orc wizard points at you and mumbles some strange words.
The puff of flame hits you!
You die...

#...# ###.#.###.###
#...#####..:......###
#...#...#...........)
######......†...o......##.
..............o........#
..........................
..............o........##.
######.................#
####...#...#@..........
#.........###.........##
#.#.#...#.# #####..#...
#.#...#.# .<.... #.......#
##.. #..##...# .# #..
#...# .... ....# .. ## #.


You could see an orc wizard and 2 orcs.

Vanquished Creatures
  An orc wizard (D:3)
  2 worms
  2 dart slugs (D:1)
  4 orcs (D:3)
  3 ball pythons (D:1)
  3 bats (D:1)
  4 endoplasms
  6 giant cockroaches
  3 hobgoblins (D:1)
  3 jackals (D:1)
  3 quokkas (D:1)
  A frilled lizard (D:1)
  2 goblins (D:1)
  2 kobolds
  4 rats
43 creatures vanquished.

Notes
Turn   | Place    | Note
-------+----------+-------------------------------------------
     0 | D:1      | porpoise the Demonspawn Transmuter began the quest for the
                  | Orb.
     0 | D:1      | Reached XP level 1. HP: 15/15 MP: 3/3
   205 | D:1      | Discovered your monstrous ancestry.
   205 | D:1      | Lost mutation: You have razor-sharp toenails. [demonic
                  | ancestry]
   205 | D:1      | Lost mutation: You have sharp toenails. [demonic ancestry]
   205 | D:1      | Gained mutation: You have large cloven feet. [demonic
                  | ancestry]
   205 | D:1      | Reached XP level 2. HP: 21/21 MP: 1/5
   308 | D:1      | Found a faded altar of an unknown god.
   772 | D:1      | Gained mutation: You regenerate magic rapidly. [demonic
                  | ancestry]
   772 | D:1      | Reached XP level 3. HP: 26/27 MP: 6/6
  1023 | D:1      | Learned a level 2 spell: Wereblood
  2682 | D:3      | Reached XP level 4. HP: 31/34 MP: 7/7
  2922 | D:3      | Killed from afar by an orc wizard

Illustrated notes

Levels and vault maps discovered:
D:1:      dpeg_arrival_connections, layout_loops_ring,
          hellmonk_ecumenical_altar_lost_god, minmay_indecisive_spiral
D:2:      layout_basic
D:3:      layout_loops_cross, nemelex_spade_bored_becter, amethyst_killhole,
          uniq_crazy_yiuf_cottage

Skill      XL: |  1  2  3  4 |
---------------+-------------+-----
Unarmed Combat | 3 |  3.8
Fighting       | 2 3 |  3.0
Dodging        | |  1.7
Spellcasting   | |  2.0
Transmutations | |  1.7

Action                   |  1- 3 |  4- 6 || total
-------------------------+-------+-------++-------
Melee: Unarmed           |   114 |    24 ||   138
       Kick              |    35 |     6 ||    41
       Headbutt          |     4 |       ||     4
       Punch             |     5 |     1 ||     6
 Cast: Beastly Appendage |     7 |       ||     7
  Use: Scroll            |     3 |       ||     3
 Stab: Sleeping          |     1 |       ||     1
Armor: Robe              |     5 |       ||     5
       Ring mail         |     7 |     7 ||    14
Dodge: Dodged            |    57 |    11 ||    68

Table legend: (Time is in decaauts)
 A = Elapsed time spent in this place.
 B = Non-inter-level travel time spent in this place.
 C = Inter-level travel time spent in this place.
 D = Time resting spent in this place.
 E = Time spent auto-exploring this place.
 F = Levels seen in this place.
 G = Mean time per level.
                   A        B        C        D        E       F      G
               +--------+--------+--------+--------+--------+-----+--------+
         Total |   2914 |   2799 |    115 |    924 |   1386 |   3 |  971.3 |
       Dungeon |   2914 |   2799 |    115 |    924 |   1386 |   3 |  971.3 |
               +--------+--------+--------+--------+--------+-----+--------+

Top non-repeatable levels by time:
     D:1: 1542 daAuts
     D:2: 928 daAuts
     D:3: 443 daAuts
